cohdb
Replays
Latest Replays
All Replays
Popular Replays
Top Player Replays
Match Explorer
How It Works
Community
CoH3 Stats
Reddit
Sign in to upload your games and track your stats! →
Sign in with Steam
Match 23947158
Unlisted
Match 23947158
Overview
Messages
Build Orders
End
Selects Armored Battlegroup
Selects Assault Engineers
Assault Engineer Squad
Construct Barracks
Riflemen Squad
Riflemen Squad
Infantry Support Center
M1 Mortar Team
Selects Strength in Steel
Construct Medical Station
Construct Motor Pool
M8 Greyhound Armored Car
Riflemen Squad
M1 Anti-tank Gun Team
Selects M8 Scott SPG
Construct Tank Depot
Assault Engineer Squad
Riflemen Squad
Riflemen Squad
M4A1 Sherman Medium Tank
Riflemen Squad
Selects M4A3E8 Sherman Combat Group
M4A3E8 Sherman Combat Group
Selects M31 Recovery Vehicle
M18 Hellcat Tank Destroyer
Selects War Machine
Riflemen Squad
Assault Engineer Squad
M1918 Browning Automatic Rifles
jebane piwo od tesca
50 tons of pure democracy
insane
iceman
0
0
Comments
sign in to comment!
No comments posted yet!